 Dungeon Crawl Stone Soup version 0.31.0-11-ge490571c62 (webtiles) character file.

Game seed: 8878767481281530187

34 Arctor the Firebug (level 3, 0/19 HPs)
             Began as a Deep Elf Fire Elementalist on Feb 1, 2024.
             Slain by an adder (3 damage)
             ... on level 2 of the Dungeon.
             The game lasted 00:01:11 (1761 turns).

Arctor the Firebug (Deep Elf Fire Elementalist)     Turns: 1761, Time: 00:01:12

Health: 0/19       AC:  2    Str:  5    XL:     3   Next: 14%
Magic:  8/9        EV: 13    Int: 21    God:
Gold:   54         SH:  0    Dex: 15    Spells: 7/8 levels left

rFire   . . .        (no weapon)
rCold   . . .        (no shield)
rNeg    . . .        a - +0 robe
rPois   .            (no helmet)
rElec   .            (no cloak)
rCorr   .            (no gloves)
SInv    .            (no boots)
Will    .....        (no amulet)
Stlth   ++           (no ring)
HPRegen 0.23/turn    (no ring)
MPRegen 0.11/turn

%: no passive effects
@: lethally poisoned (0 -> -2)
A: no striking features
a: no special abilities


You were on level 2 of the Dungeon.
You visited 1 branch of the dungeon, and saw 2 of its levels.

You collected 54 gold pieces.

Inventory:

Armour
 a - a +0 robe (worn)
Scrolls
 c - a scroll of silence {unknown}
 e - a scroll of enchant weapon {unknown}
Potions
 b - a potion of magic
 d - a potion of degeneration {unknown}


   Skills:
 + Level 2.9 Dodging
 + Level 3.0 Stealth
 + Level 3.4 Spellcasting
 + Level 1.8 Conjurations
 + Level 3.6 Fire Magic


You had 7 spell levels left.
You knew the following spells:

 Your Spells              Type           Power      Damage    Failure   Level
a - Foxfire               Conj/Fire      60%        2x1d7     4%          1

Your spell library contained the following spells:

 Spells                   Type           Power      Damage    Failure   Level
 Scorch                   Fire           36%        2d6       4%          2
 Inner Flame              Hex/Fire       11%        N/A       19%         3
 Volatile Blastmotes      Fire/Tloc      22%        2d11      19%         3
 Flame Wave               Conj/Fire      15%        2d7       38%         4


Dungeon Overview and Level Annotations

Branches:
Dungeon (2/15)

Altars:


Message History

An adder comes into view.
Found a stone staircase leading down.
An adder is nearby!
You miscast Foxfire.
You are very lightly contaminated with residual magic.
Nothing appears to happen.
The adder hisses angrily.
An adder is nearby!
You closely miss the adder. The adder bites you. The adder barely misses you.
An adder is nearby!
You hit the adder but do no damage. The adder bites you.
You are poisoned.
The adder poisons you!
You conjure some foxfire!
You feel sick. The adder bites you but does no damage.
An endoplasm comes into view.
You miss the adder.
You feel sick. The adder bites you but does no damage.
The adder closely misses you.
There are monsters nearby!
You completely miss the adder.
You feel sick. The adder closely misses you.
There is not enough space to conjure foxfire!
You hit the adder but do no damage.
You feel sick. The adder bites you but does no damage.
Your magical contamination has completely faded away.
There is not enough space to conjure foxfire!
You miss the adder.
You feel sick. The adder bites you.
There are monsters nearby!
You closely miss the adder.
You feel sick.
You are no longer poisoned.
The adder bites you but does no damage. The adder bites you.
You are poisoned.
The adder poisons you!
Unknown command.
Your foxfire dissipates!
You feel sick.
You feel sick. The adder attacks as it pursues you! The adder bites you.
* * * LOW HITPOINT WARNING * * *
* * * LOW HITPOINT WARNING * * *
You feel sick. The adder attacks as it pursues you! The adder bites you.
You die...

#.# #.# #>##
#.. #.# #J# #.#
#####S# #....@#
#.....#
#.....####
#.........
#.....####
#.....# #.....#
#####'##
#......########


You could see an adder and an endoplasm.

Vanquished Creatures
  A ball python (D:1)
  2 endoplasms (D:1)
  A giant cockroach (D:1)
  4 goblins (D:1)
  2 hobgoblins
  4 jackals (D:2)
  3 kobolds (D:1)
  2 quokkas (D:1)
  5 bats (D:1)
  A frilled lizard (D:1)
  4 rats
29 creatures vanquished.

Vanquished Creatures (others)
  119 foxfires
119 creatures vanquished.

Grand Total: 148 creatures vanquished

Notes
Turn   | Place    | Note
-------+----------+-------------------------------------------
     0 | D:1      | Arctor the Deep Elf Fire Elementalist began the quest for
                  | the Orb.
     0 | D:1      | Reached XP level 1. HP: 10/10 MP: 6/6
   461 | D:1      | Reached XP level 2. HP: 4/15 MP: 6/8
  1612 | D:2      | Reached XP level 3. HP: 14/19 MP: 5/9
  1761 | D:2      | Slain by an adder

Illustrated notes

Levels and vault maps discovered:
D:1:      dpeg_arrival_short_road, layout_basic, chequers_avenue,
          minmay_strange_pillars, chequers_serial_rivers_micro_b
D:2:      layout_basic

Skill      XL: |  1  2  3 |
---------------+----------+-----
Stealth        | 3 |  3.0
Dodging        | |  2.9
Spellcasting   | |  3.4
Conjurations   | |  1.8
Fire Magic     | |  3.6

Action                     || total
---------------------------++-------
  Melee: Unarmed           ||    29
   Cast: Foxfire           ||    87
   Stab: Sleeping          ||     3
 Armour: Robe              ||    30
  Dodge: Dodged            ||    43
